 Dungeon Crawl Stone Soup version 0.31-a0-632-g766dd24fdf (webtiles) character file.

Game seed: 1328457374961828833

129 javelincjr the Ruffian (level 4, -2/42 HPs)
             Began as a Troll Shapeshifter on Aug 25, 2023.
             Killed from afar by an orc wizard (11 damage)
             ... with a magic dart
             ... on level 3 of the Dungeon.
             The game lasted 00:10:31 (1902 turns).

javelincjr the Ruffian (Troll Shapeshifter)         Turns: 1902, Time: 00:10:31

Health: -2/42      AC:  4    Str: 25    XL:     4   Next: 88%
Magic:  3/3        EV: 10    Int:  4    God:
Gold:   27         SH:  0    Dex: 10    Spells: 3/3 levels left

rFire   + . .        j - +0 short sword (drain)
rCold   . . .        (no shield)
rNeg    . . .        a - +0 animal skin
rPois   .            (helmet currently unavailable)
rElec   .            f - melded +0 cloak
rCorr   .            (gloves unavailable)
SInv    .            (boots unavailable)
Will    .....        n - amulet of regeneration
Stlth   +            g - ring of protection from fire
HPRegen 1.87/turn    (no ring)
MPRegen 0.08/turn

%: no passive effects
@: beast-form
A: beast (slay +2), large, unfitting armour, claws 3, regeneration 1, shaggy fur
1, tough skin 1
a: Begin Untransformation


You were on level 3 of the Dungeon.
You were a hulking beast.
You visited 1 branch of the dungeon, and saw 3 of its levels.

You collected 27 gold pieces.

Inventory:

Hand Weapons
 j - a +0 short sword of draining (weapon)
Armour
 a - a +0 animal skin (worn)
 f - a +0 cloak (melded)
Jewellery
 g - a ring of protection from fire (left claw)
 n - an amulet of regeneration (around neck)
Talismans
 c - a beast talisman (active)
 d - a flux talisman
Scrolls
 i - a scroll of summoning {unknown}
 k - a scroll of blinking {unknown}
 l - 2 scrolls of noise {unknown}
 m - a scroll of identify {unknown}
 p - a scroll of enchant armour {unknown}
Potions
 b - a potion of lignification
 h - a potion of resistance {unknown}
 o - a potion of curing {unknown}


   Skills:
 + Level 2.0 Fighting
 + Level 2.4 Dodging
 + Level 3.8 Unarmed Combat
 + Level 3.7 Shapeshifting


You had 3 spell levels left.
You didn't know any spells.
Your spell library contained the following spells:

 Spells                   Type           Power      Damage    Failure   Level
 Static Discharge         Conj/Air       0%         2-2/arc   65%         2
 Airstrike                Air            0%         2d(0-16)  99%         4
 Summon Lightning Spire   Summ/Air       0%         N/A       99%         4


Dungeon Overview and Level Annotations

Branches:
Dungeon (3/15)

Altars:

Shops:
D:2 [


Innate Abilities, Weirdness & Mutations

You are a hulking beast.
Your limbs bulge with bestial killing power. (Slay +2)
You are too large for most types of armour.
You have claws for hands.
Your natural rate of healing is unusually fast.
You are covered in fur. (AC +1)
You have tough skin. (AC +1)


Message History

You hear some strange, mumbled words.
Something tries to affect you, but you resist.
The orc priest hits you but does no damage.
You hit something. Something hits you but does no damage. The orc misses you.
The orc priest barely misses you.
You bump into the rock wall.
You feel less confused. Something completely misses you.
The orc priest hits you with a +2 falchion of holy wrath.
The orc hits you but does no damage.
You closely miss something. Something hits you.
The orc priest hits you with a +2 falchion of holy wrath!
The orc misses you.
You barely miss something. Something hits you but does no damage.
The orc hits you with a +1 whip of pain.
The orc priest barely misses you.
You barely miss the orc priest. Something hits you but does no damage.
The orc closely misses you. The orc priest barely misses you.
You hit the orc priest.
The orc priest is moderately wounded.
You hear some strange, mumbled words.
Something tries to affect you, but you resist.
The orc barely misses you. The orc priest barely misses you.
You barely miss the orc priest.
The orc priest is moderately wounded.
Something hits you.
The orc hits you with a +1 whip of pain.
The orc priest hits you with a +2 falchion of holy wrath.
You closely miss the orc priest.
The orc priest is moderately wounded.
Something hits you.
The orc priest mumbles some strange prayers to Beogh against you.
Beogh smites you!
* * * LOW HITPOINT WARNING * * *
The orc hits you but does no damage.
It was a potion of cancellation.
You feel magically purged.
You hear some strange, mumbled words.
A magic dart appears from out of thin air!
The magic dart hits you!
You die...

###...).#..#.)...#.#
##...###.##...##.#
#...#.#..#...# ..
#.#.###..##.##.##.##
.#
.........#...#..#.#
.#
.....)#.##...##.###
.. .....##.#.....#..
..... #.#.o...#..
.... #.{hob..... ##.
##.######.# #. #.#
... #####


You could see an orc priest, an orc and a bat.

Vanquished Creatures
  An orc priest (D:3)
  4 adders
  2 worms (D:1)
  8 orcs
  7 ball pythons
  5 bats
  6 endoplasms
  A giant cockroach (D:2)
  2 hobgoblins
  5 kobolds
  3 quokkas
  A frilled lizard (D:1)
  2 goblins
  2 rats
49 creatures vanquished.

Notes
Turn   | Place    | Note
-------+----------+-------------------------------------------
     0 | D:1      | javelincjr the Troll Shapeshifter began the quest for the
                  | Orb.
     0 | D:1      | Reached XP level 1. HP: 18/18 MP: 0/0
   251 | D:1      | Reached skill level 1 in Fighting
   291 | D:1      | Reached XP level 2. HP: 27/27 MP: 1/1
  1029 | D:2      | Reached XP level 3. HP: 33/33 MP: 2/2
  1084 | D:2      | Found Dema's Antique Armour Shop.
  1334 | D:2      | Reached XP level 4. HP: 42/42 MP: 3/3
  1902 | D:3      | Killed from afar by an orc wizard

Illustrated notes

Levels and vault maps discovered:
D:1:      dpeg_arrival_chambers_temple_mockup, layout_basic, nicolae_wormholes
D:2:      layout_basic, serial_shops, shop
D:3:      layout_loops_ring, nicolae_kikubaaqudgha_miasma_corner,
          minmay_unequal, uniq_natasha

Skill      XL: |  1  2  3  4 |
---------------+-------------+-----
Fighting       | 1 2 |  2.0
Dodging        | 2 |  2.4
Unarmed Combat | |  3.8
Shapeshifting  | |  3.7

Action                     |  1- 3 |  4- 6 || total
---------------------------+-------+-------++-------
  Melee: Unarmed           |    35 |       ||    35
         Short sword       |    53 |    52 ||   105
         Punch             |     2 |     1 ||     3
    Use: Potion            |       |     1 ||     1
 Armour: Animal skin       |    24 |    22 ||    46
  Dodge: Dodged            |    48 |    34 ||    82
         Form:             |     1 |       ||     1
         Beast             |     1 |       ||     1

Table legend: (Time is in decaauts)
 A = Elapsed time spent in this place.
 B = Non-inter-level travel time spent in this place.
 C = Inter-level travel time spent in this place.
 D = Time resting spent in this place.
 E = Time spent auto-exploring this place.
 F = Levels seen in this place.
 G = Mean time per level.
                   A        B        C        D        E       F      G
               +--------+--------+--------+--------+--------+-----+--------+
         Total |   1899 |   1812 |     87 |      0 |   1420 |   3 |  633.0 |
       Dungeon |   1899 |   1812 |     87 |      0 |   1420 |   3 |  633.0 |
               +--------+--------+--------+--------+--------+-----+--------+

Top non-repeatable levels by time:
     D:1: 913 daAuts
     D:2: 839 daAuts
     D:3: 146 daAuts
